 Dungeon Crawl Stone Soup version 0.17-a0-1382-gc46a074 (webtiles) character file.

32514 nuthulu the Tortoise (level 13, -13/102 HPs)
             Began as a Gargoyle Fighter on June 14, 2015.
             Was a High Priest of Okawaru.
             Mangled by Saint Roka
             ... wielding a +3 great sword of slicing
              (24 damage)
             ... on level 4 of the Orcish Mines on June 15, 2015.
             The game lasted 01:40:44 (21673 turns).

nuthulu the Tortoise (Gargoyle Fighter)            Turns: 21673, Time: 01:40:45

Health: -13/102    AC: 40    Str: 28 (29) XL:     13   Next: 65%
Magic:  9/13       EV: 14    Int: 10      God:    Okawaru [*****.]
Gold:   1634       SH: 14    Dex: 12      Spells: 0 memorised, 12 levels left

rFire  + + .     SeeInvis .     H - +2 morningstar (drain)
rCold  . . .     Clarity  +     d - +3 plate armour {rF+}
rNeg   + . .     SustAt   +     c - +2 shield
rPois  ∞         Gourm    .     E - +0 helmet
rElec  +         Spirit   .     t - +1 cloak
rCorr  .         Warding  .     f - +0 pair of gloves
rMut   .         Stasis   .     A - +2 pair of boots of an ossuary {Stlth+}
MR     +....                    h - amulet of rage
Stlth  ..........               v - ring of protection from fire
                                D - ring of sustain attributes

@: agile, berserking (expiring), heroism, drained, very quick, somewhat
resistant to hostile enchantments, extremely unstealthy
A: slimy green scales 1, blink 1, clarity, clumsy 1, deformed body,
deterioration 1, magic resistance 1, negative energy resistance 1, electricity
resistance, unbreathing, evolution 1, petrification resistance, rot immunity, AC
+9
a: Blink, Heroism, Finesse, Renounce Religion, Evoke Berserk Rage


You were on level 4 of the Orcish Mines.
You worshipped Okawaru.
Okawaru was extremely pleased with you.
You were not hungry.

You visited 3 branches of the dungeon, and saw 17 of its levels.

You collected 2051 gold pieces.
You spent 417 gold pieces at shops.

Inventory:

Hand weapons
 a - a +2 flail of chaos
 x - the +4 great mace of Duty {flame, Dex+4}
   (Okawaru gifted it to you on level 12 of the Dungeon)

   It has been specially enchanted to burn those struck by it, causing extra
   injury to most foes and up to half again as much damage against particularly
   susceptible opponents.
   It affects your dexterity (+4).
 C - the +7 hunting sling "Tuowaato" {freeze, Stlth+}
   (You found it on level 6 of the Dungeon)

   It causes projectiles fired from it to freeze those they strike, causing
   extra injury to most foes and up to half again as much damage against
   particularly susceptible opponents.
   They can also slow down cold-blooded creatures.
   It makes you more stealthy.
 H - a +2 morningstar of draining (weapon)
Missiles
 P - a throwing net (quivered)
Armour
 c - a +2 shield (worn)
 d - a +3 plate armour of fire resistance (worn)
 f - a +0 pair of gloves (worn)
 o - a +0 pair of boots
 t - a +1 cloak (worn)
 A - the +2 pair of boots of an ossuary (worn) {Stlth+}
   (You found it on level 2 of the Orcish Mines)

   It makes you more stealthy.
 E - a +0 helmet (worn)
 Q - a +1 plate armour of positive energy
Jewellery
 h - an amulet of rage (around neck)
 k - an uncursed ring of positive energy
 m - a +4 ring of dexterity
 v - a ring of protection from fire (right hand)
 w - an uncursed ring of ice
 y - an uncursed ring of wizardry
 D - a ring of sustain attributes (left hand)
Magical devices
 n - a wand of draining (8)
 G - a wand of flame (30)
 J - a wand of lightning (3)
 K - a wand of disintegration (7)
 R - a wand of paralysis (9)
Scrolls
 j - 5 scrolls of remove curse
 q - 2 scrolls of recharging
 z - 2 scrolls of amnesia
 M - a scroll of magic mapping
 O - 2 scrolls of identify
Potions
 l - a potion of agility
 p - 3 potions of curing
 r - 2 potions of magic
 I - a potion of cancellation
 L - 2 potions of brilliance
Books
 i - a book of Dreams

   Spells                             Type                      Level
   a - Ensorcelled Hibernation        Hexes/Ice                    2
   b - Phase Shift                    Translocation                5
   c - Shadow Creatures               Summoning                    5
   d - Silence                        Hexes/Air                    5
   e - Mass Confusion                 Hexes                        6
   f - Darkness                       Hexes                        7
 u - a book of Minor Magic

   Spells                             Type                      Level
   a - Magic Dart                     Conjuration                  1
   b - Blink                          Translocation                2
   c - Call Imp                       Summoning                    2
   d - Repel Missiles                 Charms/Air                   2
   e - Slow                           Hexes                        2
   f - Conjure Flame                  Conjuration/Fire             3
   g - Mephitic Cloud                 Conjuration/Poison/Air       3
 B - a book of Changes

   Spells                             Type                      Level
   a - Beastly Appendage              Transmutation                1
   b - Sticks to Snakes               Transmutation                2
   c - Spider Form                    Transmutation/Poison         3
   d - Ice Form                       Ice/Transmutation            4
   e - Blade Hands                    Transmutation                5
Comestibles
 e - 5 bread rations
 g - 10 fruits
 s - 3 meat rations


   Skills:
 - Level 3.2(8.2) Fighting
 * Level 15.5(20.4) Maces & Flails
 * Level 17.0(21.9) Armour
 - Level 3.2(8.2) Shields


You had 12 spell levels left.
You didn't know any spells.

Dungeon Overview and Level Annotations

Branches:
Dungeon (12/15)            Temple (1/1) D:4            Lair (0/8) D:10
    Orc (4/4) D:12            Elf (0/3) Orc:3

Altars:
Ashenzari
Cheibriados
Dithmenos
Elyvilon
Fedhas
Gozag
Kikubaaqudgha
Makhleb
Nemelex Xobeh
Okawaru
Qazlal
Ru
Sif Muna
Trog
Vehumet
Xom
Yredelemnul
Zin
The Shining One
Beogh

Shops:
D:6 :   D:8 %   D:9 *   Orc:1 ?   Orc:4 *([}

Annotations:
D:7 exclusion: oklob plant
Orc:4 Saint Roka


Innate Abilities, Weirdness & Mutations

You are resistant to torment.
Your stone body is resilient (AC +9).
You are immune to poison.
You resist negative energy.
You are resistant to electric shocks.
You can survive without breathing.
You are immune to petrification.
You are immune to rotting.
You are partially covered in slimy green scales (AC +2).
You can translocate small distances at will.
You possess an exceptional clarity of mind.
You are clumsy. (Dex -2)
Armour fits poorly on your strangely shaped body.
Your body sometimes deteriorates upon taking damage.
You are resistant to hostile enchantments.
You evolve.


Message History

You hit Saint Roka. You drain Saint Roka!
Saint Roka is lightly wounded.
The orc warrior hits you with a war axe.
* * * LOW HITPOINT WARNING * * *
You barely miss Saint Roka.
Saint Roka is lightly wounded.
You barely miss Saint Roka.
Saint Roka is lightly wounded.
You block the orc's attack. You block the orc skeleton's attack.
Saint Roka calls down the wrath of Beogh upon you.
Something smites you!
* * * LOW HITPOINT WARNING * * *
The orc warrior hits you but does no damage.
You are too berserk!
You puncture Saint Roka!
Saint Roka is lightly wounded.
You hit Saint Roka. You drain Saint Roka!
Saint Roka is moderately wounded.
Saint Roka hits you with a great sword of slicing!!
You die...

..# #..###.....###..# #....
..# #.## #8...8# ##.# ###..
.## #.#####...#####.# #....
### #.#...#)..#...#.# ###..
..# #.#...))[.)...#.# #.. .##
#.#...#)..#...#.# ##. ##
#.#####.8Z#####.# ## .#
#.#...#..o#...#.# # .#
#...)..o@o..#.# # .#####
#...#..Z#...#.# ######
.#.#.## #####...#####.#
##.#.#. ....†.# .# #8...8#
#..# #......
...#)###.##∩.....∩##.##
##......
..........###._.###.^#
#...####
.###........#####...###
##..## #( .#
#................#.###...# ##
####...................##..##
##


You could see Saint Roka, an orc warrior (frenzied), an orc (frenzied), an orc
skeleton and an orc skeleton.

Vanquished Creatures
  Donald (Orc:3)
  2 orc warlords
  Erolcha (D:9)
  Fannar (D:12)
  Erica (Orc:2)
  A centaur warrior (D:12)
  2 orc high priests
  An ugly thing (D:12)
  3 orc knights
  4 orc sorcerers
  3 cyclopes
  A komodo dragon (D:11)
  2 kobold demonologists (D:11)
  3 trolls
  4 two-headed ogres
  Grinder (D:3)
  A boulder beetle (Orc:4)
  A trapdoor spider zombie (D:11)
  Sigmund (D:3)
  A shadow (D:11)
  2 wyverns
  16 yaks
  2 deep elf magi
  2 hippogriffs (D:10)
  A hungry ghost (D:12)
  3 wargs
  7 ice beasts
  A mottled dragon (D:12)
  A water moccasin (D:7)
  3 phantoms
  4 sky beasts
  3 wasps
  A black bear (D:11)
  14 centaurs
  49 orc warriors
  7 ogres
  An eye of draining (D:12)
  A big kobold (D:5)
  A crocodile (D:9)
  2 gnoll sergeants
  5 giant frogs
  A wyvern skeleton (D:12)
  5 scorpions
  5 killer bees (D:9)
  10 wights
  4 jellies
  5 crimson imps
  A centaur zombie (D:7)
  6 hounds
  A giant frog zombie (D:12)
  41 orc priests
  Crazy Yiuf (D:4)
  3 giant frog skeletons
  43 orc wizards
  A centaur skeleton (D:6)
  12 worker ants
  3 iguanas
  A hound skeleton (D:4)
  2 worker ant zombies
  15 gnolls
  15 adders
  A shadow imp (D:5)
  2 oozes (D:2)
  A worm (D:4)
  229 orcs
  21 bats
  4 bat skeletons
  A bat zombie (D:5)
  7 giant cockroaches
  16 hobgoblins
  16 jackals
  25 kobolds
  2 quokkas (D:2)
  2 ball pythons
  8 giant geckos
  A giant gecko skeleton (D:5)
  4 giant newts
  21 goblins
  A quokka skeleton (D:4)
  13 rats
711 creatures vanquished.

Vanquished Creatures (others)
  An orc priest (Orc:4)
  2 orcs (Orc:4)
  A hobgoblin (D:10)
  2 fungi (D:10)
  A plant (D:10)
  15 toadstools (D:7)
22 creatures vanquished.

Grand Total: 733 creatures vanquished

Notes
Turn   | Place    | Note
--------------------------------------------------------------
     0 | D:1      | nuthulu the Gargoyle Fighter began the quest for the Orb.
     0 | D:1      | Reached XP level 1. HP: 14/14 MP: 1/1
   249 | D:1      | Reached XP level 2. HP: 16/19 MP: 2/2
   569 | D:2      | Found a shattered altar of Ashenzari.
   663 | D:2      | Reached skill level 4 in Armour
   663 | D:2      | Reached XP level 3. HP: 20/23 MP: 3/3
  1105 | D:2      | Reached XP level 4. HP: 25/28 MP: 4/4
  1645 | D:3      | Found a bloodstained altar of Trog.
  1766 | D:3      | Noticed Sigmund
  1773 | D:3      | Killed Sigmund
  1773 | D:3      | Reached skill level 5 in Armour
  1773 | D:3      | Reached XP level 5. HP: 19/32 MP: 5/5
  1773 | D:3      | Reached XP level 6. HP: 21/37 MP: 6/6
  1934 | D:3      | Noticed Grinder
  1957 | D:3      | Killed Grinder
  1957 | D:3      | Reached skill level 5 in Maces & Flails
  1957 | D:3      | Reached skill level 6 in Armour
  1957 | D:3      | Reached XP level 7. HP: 37/41 MP: 7/7
  2040 | D:3      | Found a faded altar to an unknown god.
  2156 | D:3      | Found a sparkling altar of Nemelex Xobeh.
  2843 | D:4      | Noticed Crazy Yiuf
  2855 | D:4      | Killed Crazy Yiuf
  3037 | D:4      | Reached skill level 7 in Armour
  3252 | D:4      | Found a staircase to the Ecumenical Temple.
  3360 | Temple   | Entered the Ecumenical Temple
  3419 | Temple   | Became a worshipper of Warmaster Okawaru
  3606 | D:4      | Reached XP level 8. HP: 35/46 MP: 8/8
  4204 | D:4      | Found a shimmering altar of Xom.
  4204 | D:4      | Found a burning altar of Makhleb.
  4230 | D:4      | Paralysed by a crimson imp for 7 turns
  4324 | D:5      | Entered Level 5 of the Dungeon
  4334 | D:5      | Reached skill level 8 in Armour
  4703 | D:5      | Acquired Okawaru's first power
  5212 | D:5      | Found a glowing golden altar of the Shining One.
  5214 | D:5      | Found a white marble altar of Elyvilon.
  5215 | D:5      | Found a glowing silver altar of Zin.
  5354 | D:5      | Found a radiant altar of Vehumet.
  5713 | D:6      | Reached skill level 9 in Armour
  5857 | D:6      | Found Jolosi's Book Emporium.
  5877 | D:6      | Reached XP level 9. HP: 49/51 MP: 9/9
  6005 | D:6      | Got a steaming hunting sling
  6006 | D:6      | Identified the +7 hunting sling "Tuowaato" {freeze, Stlth+} (You found it on level 6 of the Dungeon)
  6279 | D:7      | Found a sacrificial altar of Ru.
  6279 | D:7      | Found a shadowy altar of Dithmenos.
  7151 | D:7      | Reached skill level 10 in Armour
  7519 | D:7      | Found a blossoming altar of Fedhas.
  7576 | D:7      | Noticed an oklob plant
  7969 | D:8      | Found Ziynah's Food Emporium.
  8055 | D:8      | Found a shimmering altar of Xom.
  8799 | D:8      | Reached skill level 11 in Armour
  9112 | D:9      | Reached XP level 10. HP: 56/56 MP: 10/10
  9149 | D:9      | Reached skill level 10 in Maces & Flails
  9606 | D:9      | Reached skill level 12 in Armour
 10052 | D:9      | Gained mutation: You can translocate small distances at will. [mutagenic meat]
 10053 | D:9      | Gained mutation: You are partially covered in slimy green scales (AC +2). [mutagenic meat]
 10054 | D:9      | Gained mutation: Armour fits poorly on your strangely shaped body. [mutagenic meat]
 10055 | D:9      | Gained mutation: You have an increased reservoir of magic (+10% MP). [mutagenic meat]
 10056 | D:9      | Gained mutation: You are resistant to hostile enchantments. [mutagenic meat]
 10057 | D:9      | Gained mutation: Scrolls take you a little longer to read. [mutagenic meat]
 10136 | D:9      | Noticed Erolcha
 10148 | D:9      | Killed Erolcha
 10148 | D:9      | Acquired Okawaru's second power
 10281 | D:9      | Found Wasicraj's General Store.
 10289 | D:9      | Bought a scroll of identify for 28 gold pieces
 10291 | D:9      | Lost mutation: Scrolls take you a little longer to read. [potion of cure mutation]
 10291 | D:9      | Lost mutation: You have an increased reservoir of magic (+10% MP). [potion of cure mutation]
 10642 | D:10     | Entered Level 10 of the Dungeon
 10756 | D:10     | Reached XP level 11. HP: 60/60 MP: 11/11
 10830 | D:10     | Identified a scroll of acquirement
 11209 | D:10     | Reached skill level 13 in Armour
 11837 | D:10     | Found a staircase to the Lair.
 12076 | D:10     | Upgraded the game from 0.17-a0-1378-g281efdd to 0.17-a0-1382-gc46a074
 12370 | D:11     | Received a gift from Okawaru
 12703 | D:11     | Reached skill level 14 in Armour
 13406 | D:12     | Received a gift from Okawaru
 13409 | D:12     | Got a slimy great mace {god gift}
 13415 | D:12     | Identified the +4 great mace of Duty {flame, Dex+4} (Okawaru gifted it to you on level 12 of the Dungeon)
 13623 | D:12     | Noticed Fannar
 13659 | D:12     | Killed Fannar
 13659 | D:12     | Reached XP level 12. HP: 48/64 MP: 12/12
 13928 | D:12     | Gained mutation: Your magical capacity is low (-10% MP). [mutagenic meat]
 13929 | D:12     | Gained mutation: You are clumsy. (Dex -2) [mutagenic meat]
 13930 | D:12     | Gained mutation: You possess an exceptional clarity of mind. [mutagenic meat]
 13931 | D:12     | Gained mutation: Your body sometimes deteriorates upon taking damage. [mutagenic meat]
 13933 | D:12     | Gained mutation: You evolve. [mutagenic meat]
 14249 | D:12     | Noticed a centaur warrior
 14279 | D:12     | Lost mutation: Your magical capacity is low (-10% MP). [evolution]
 14300 | D:12     | Killed a centaur warrior
 14430 | D:12     | Received a gift from Okawaru
 14543 | D:12     | Reached skill level 15 in Armour
 14662 | D:12     | Found a staircase to the Orcish Mines.
 14759 | Orc:1    | Entered Level 1 of the Orcish Mines
 14759 | Orc:1    | Found Feisalep's Magic Scroll Boutique.
 14874 | Orc:1    | Bought a scroll of identify for 32 gold pieces
 14874 | Orc:1    | Bought a scroll of identify for 32 gold pieces
 14874 | Orc:1    | Bought a scroll of identify for 32 gold pieces
 15023 | Orc:2    | Noticed an orc warlord
 15494 | Orc:1    | Killed an orc warlord
 15967 | Orc:2    | Found a roughly hewn altar of Beogh.
 16130 | Orc:2    | Noticed an orc high priest
 16154 | Orc:2    | Killed an orc high priest
 16503 | Orc:2    | Got a pair of blackened boots
 16514 | Orc:2    | Identified the +2 pair of boots of an ossuary {Stlth+} (You found it on level 2 of the Orcish Mines)
 16531 | Orc:2    | Received a gift from Okawaru
 17367 | Orc:1    | Noticed Erica
 17629 | Orc:2    | Killed Erica
 17629 | Orc:2    | Reached skill level 16 in Armour
 17629 | Orc:2    | Reached XP level 13. HP: 61/68 MP: 13/13
 17785 | Orc:1    | Found a roughly hewn altar of Beogh.
 18286 | Orc:3    | Found a staircase to the Elven Halls.
 18918 | Orc:3    | Noticed Donald
 18959 | Orc:3    | Killed Donald
 19076 | Orc:3    | Reached skill level 15 in Maces & Flails
 19358 | Orc:4    | Entered Level 4 of the Orcish Mines
 19875 | Orc:4    | Received a gift from Okawaru
 19972 | Orc:4    | Noticed Saint Roka
 19973 | Orc:4    | Found Sitatumm's Antique Armour Shop.
 20328 | Orc:4    | Found a roughly hewn altar of Beogh.
 20351 | Orc:4    | Found Saekyina's General Store.
 20362 | Orc:4    | Bought a potion of haste for 150 gold pieces
 20654 | Orc:4    | Found a roughly hewn altar of Beogh.
 20654 | Orc:4    | Found Derhu's Gadget Shoppe.
 20719 | Orc:4    | Bought a wand of paralysis (9) for 143 gold pieces
 20797 | Orc:4    | Found a roughly hewn altar of Beogh.
 21054 | Orc:4    | Noticed an orc warlord
 21100 | Orc:4    | Killed an orc warlord
 21413 | Orc:4    | Found a roughly hewn altar of Beogh.
 21421 | Orc:4    | Found Qutycsonk's Antique Weapon Boutique.
 21663 | Orc:4    | Reached skill level 17 in Armour
 21673 | Orc:4    | Mangled by Saint Roka

Vault maps used:
D:1:      lightli_arrival_flooded_house
D:2:      ashenzari_conservatory_becter, guppyfry_early_lair_pool
D:3:      bloody_trog, first_bread, serial_forest, infiniplex_forest_clump_long,
          infiniplex_forest_clump_long, infiniplex_forest_lined_room_2,
          infiniplex_forest_lined_room_2, infiniplex_forest_straight_3,
          infiniplex_forest_lined_corner, infiniplex_forest_straight_2,
          ecumenical_altar_2, nemelex_lonely_heart_becter, uniq_sigmund,
          uniq_grinder
D:4:      grunt_temple_overflow_champion_of_chaos,
          minmay_temple_entry_large_hall, uniq_crazy_yiuf_cottage
D:5:      good_gods_temple_1, kennysheep_little_box
D:6:      serial_shops, nicolae_shop_competitors_out_of_business
D:7:      tgw_fedhas, gammafunk_temple_overflow_elements, serial_glass,
          glass_columns_a, glass_columns_b
D:8:      serial_shops, shop, basic_altar
D:9:      serial_shops, nicolae_shop_trees, uniq_erolcha
D:10:     due_lair_maze_entry_diamond
D:12:     david_orc_2, uniq_fannar
Temple:   minmay_temple_bridge_d_8
Orc:1:    nicolae_orc_accident_2, serial_shops, shop, uniq_erica
Orc:2:    orc_temple
Orc:3:    nicolae_orc_pool_cavern, nicolae_orc_bridge_out, uniq_donald
Orc:4:    grunt_orc_community_town_hall, grunt_orc_community_big_house_2,
          grunt_orc_community_big_house_1, grunt_orc_community_house_1,
          grunt_orc_community_house_3, grunt_orc_community_house_3,
          grunt_orc_community_house_2, rock_pile

Action                   |  1- 3 |  4- 6 |  7- 9 | 10-12 | 13-15 || total
-------------------------+-------+-------+-------+-------+-------++-------
Melee: Flail             |   103 |    50 |   785 |   262 |       ||  1200
       Morningstar       |       |       |       |   927 |   708 ||  1635
Throw: Throwing net      |       |       |       |       |     1 ||     1
Invok: Heroism           |       |       |       |     8 |     5 ||    13
       Finesse           |       |       |       |     1 |     3 ||     4
 Abil: Evoke Berserk Rag |       |     1 |     1 |     1 |       ||     3
       Blink             |       |       |       |     1 |       ||     1
Evoke: Wand              |       |       |       |     2 |       ||     2
  Use: Scroll            |     5 |     1 |    14 |     8 |     3 ||    31
       Potion            |       |     2 |     1 |     8 |     7 ||    18
  Eat: Chunk             |       |     4 |    22 |    30 |     7 ||    63
       Royal jelly       |       |       |     1 |       |       ||     1
       Fruit             |       |       |     1 |     3 |     1 ||     5
       Bread ration      |       |       |       |     2 |       ||     2
       Beef jerky        |       |       |       |     2 |       ||     2
       Pizza             |       |       |       |     1 |       ||     1
       Meat ration       |       |       |       |       |     2 ||     2
